 BcadrenCrawl: Boulder Brew version 0.05.4-52-gbd2e00ed8b (webtiles) character file.

Game seed: 7892452431725066090, levelgen mode: deterministic

147 namelastname112 the Magician (level 5, -7/42 HPs) Immature Draconian Transmuter. Began on May 12, 2022. Mangled by Edmund ... wielding a cursed +1 dire flail of pain {(Curse: rC-)} (18 damage) ... on level 2 of the Dungeon. The game lasted 00:02:18 (1043 turns).

namelastname112 the Magician (DrTm)                 Turns: 1043, Time: 00:02:19

Health: -7/42      AC:  6    Str: 13    XL:     5 ^: 170
Magic:  4/10       EV: 12    Int: 13    God:
Gold:   146        SH:  0    Dex: 12    Spells: 8/11 levels left

rFire    . . .     Vision   .     - Unarmed
rCold    . . .     Gourm    .     - Unarmed
rNeg     . . .     Faith    .   (armour unavailable)
rCorr    . . .     Spirit   .   (helmet restricted)
rPois    .         Reflect  .   (no cloak)
rElec    .         Harm     .   (no gloves)
MR       .....                  (no boots)
Stlth    +.........             (no amulet)
HPRegen  0.24/turn              (no ring)
MPRegen  0.20/turn              (no ring)

@: no status effects
A: deformed body 2, cold-blooded, AC +6
a: Breathe Dart


You were on level 2 of the Dungeon.
You were very hungry.

You visited 1 branch of the dungeon, and saw 2 of its levels.

You collected 146 gold pieces.

Inventory:

Scrolls
 c - a scroll of teleportation
Potions
 a - a potion of curing
 d - a potion of haste
Comestibles
 b - 3 rations


   Skills:
 + Level 2.4 Fighting
 + Level 2.2 Dodging
 + Level 3.2 Unarmed Combat
 + Level 3.5 Spellcasting
 * Level 2.9 Transmutations


You had 8 spell levels left.
You knew the following spells:

 Your Spells              Type           Power        Failure   Level  Hunger
a - Beastly Appendage Tmut 9 (50) 6% 1 0-14 x - Sticks to Snakes Tmut           9 (100)      10%         2    34-74

Your spell library contained the following spells:

 Spells                   Type           Power        Failure   Level  Hunger
 Scorpion Form Tmut/Pois 6 (200) 34% 3 74-134 Snakes to Sticks Hex/Tmut 6 (100) 34% 3 74-134 Ice Form Ice/Tmut 6 (100) 75% 4 154-254 Blade Hands Tmut           9 (200)      87%         5    274-434


Dungeon Overview and Level Annotations

Branches:
Dungeon (2/8)

Altars:
Qazlal

Annotations:
D:2 Edmund


Innate Abilities, Weirdness & Mutations

Your plain brown scales are resilient. (AC +6)
You can breathe rudimentary magical darts.
You cannot wear any armour on your peculiar form.
You are cold-blooded and are slowed more easily by cold attacks.


Message History

Your ball python grabs Edmund!
Your ball python constricts Edmund (1)!
Edmund hits your ball python with a cursed +1 dire flail of pain {(Curse: rC-)} (9)!!!
Your ball python dies!!!
Your ball python's corpse withers and dies!!!
Your ball python bites Edmund (2)!
He is is perforated ruthlessly!!!
Your ball python grabs Edmund!
Your ball python constricts Edmund (0)!
Edmund hits your ball python with a cursed +1 dire flail of pain {(Curse: rC-)} (26)!!!!!!
Your ball python dies!!!
Your ball python's corpse withers and dies!!!
Edmund shouts!!!
Edmund rages!
Edmund hits you with a cursed +1 dire flail of pain {(Curse: rC-)} (13)!!!
Edmund hits you with a cursed +1 dire flail of pain {(Curse: rC-)} (18)!!!!!! * * * don't die
* * * You writhe in agony (1)! * * * don't die
* * * Edmund rages!
Okay, then!
Edmund hits you with a cursed +1 dire flail of pain {(Curse: rC-)} (18)!!!!!! rip

≈≈≈.≈≈≈≈≈≈≈≈≈≈≈≈P≈≈≈.≈≈≈≈≈.≈≈
≈≈≈.≈≈b≈≈P≈≈≈≈≈≈≈≈≈≈≈≈≈≈≈≈.≈≈
≈≈≈..≈≈≈≈≈≈≈≈≈≈≈≈≈≈≈≈≈≈≈..≈≈≈
P...≈.≈≈≈≈≈≈≈≈≈≈≈≈≈≈≈†≈..≈≈≈≈
..≈≈≈..≈≈≈≈≈≈≈PP≈≈≈≈≈≈≈.≈≈≈≈≈
≈≈≈≈≈≈..≈≈≈≈≈P≈.P≈≈P≈≈..≈≈≈≈≈
≈≈≈≈≈≈≈....≈≈P.P..≈P≈≈.≈≈≈≈≈.
≈≈≈≈≈≈≈....###.#####≈≈≈≈≈≈≈.≈
...≈†≈≈..≈.≈...@@...≈≈≈≈≈≈≈≈# ≈
≈≈≈≈≈≈≈.#...≈#.....#≈≈PP≈≈≈≈#.≈
≈≈≈≈≈≈≈≈...###≈....#≈≈≈PP≈≈....
≈≈≈≈P≈≈...≈#≈.......≈≈≈P≈≈≈...≈
≈≈≈PP≈.≈≈.##≈......#≈≈P≈≈≈≈.#
..PPP≈...##.......P#≈PP≈≈≈≈.#
≈PP≈≈≈≈.≈......≈≈###.;Pb≈≈≈.#
P..≈≈P≈.#..≈≈..### #<..≈≈≈≈.#.
.P....P≈....#### #.≈..≈≈.≈≈≈.


You could see Edmund (berserk) and a neutral slimehead (wandering) (passive).

Vanquished Creatures
  A jelly (D:2)
  4 giant cockroaches
  2 adders (D:2)
  4 oozes
  A dart slug (D:1)
  2 leopard geckos
  7 bats
  2 kobolds
  4 goblins (D:1)
  5 rats (D:1)
32 creatures vanquished.

Vanquished Creatures (others)
  4 withered plants (D:2)
4 creatures vanquished.

Grand Total: 36 creatures vanquished

Notes
Turn   | Place    | Note
-------+----------+-------------------------------------------
     0 | D:1      | namelastname112 the Immature Draconian Transmuter began the
                  | quest for the Orb.
     0 | D:1      | Reached XP level 1. HP: 16/16 MP: 4/4
    82 | D:1      | Reached XP level 2. HP: 19/23 MP: 6/6
    88 | D:1      | Reached XP level 3. HP: 26/29 MP: 7/7
   491 | D:1      | Reached XP level 4. HP: 31/36 MP: 8/8
   654 | D:1      | Learned a level 2 spell: Sticks to Snakes
   711 | D:2      | Found a stormy altar of Qazlal.
   905 | D:2      | Reached XP level 5. HP: 41/42 MP: 10/10
  1009 | D:2      | Noticed Edmund
  1043 | D:2      | Mangled by Edmund

Levels and vault maps discovered:
D:1:      eino_arrival_tree_alley, layout_basic
D:2:      layout_sewer, grunt_qazlal_sundering, kennysheep_slug_shrine,
          elyvilon_niche, first_ration, kennysheep_generic_room_13,
          uniq_blork_the_orc, uniq_edmund, uniq_natasha

Skill      XL: |  1  2  3 |
---------------+----------+-----
Spellcasting   | 3 |  3.5
Transmutations | 2 |  2.9
Unarmed Combat | 3 |  3.2
Fighting       | 2 |  2.4
Dodging        | 2 |  2.2

Action                   |  1- 3 |  4- 6 || total
-------------------------+-------+-------++-------
Melee: Unarmed           |    81 |    54 ||   135
       Peck              |     7 |     4 ||    11
 Cast: Sticks to Snakes  |       |     9 ||     9
 Stab: Sleeping          |     1 |       ||     1
Armor: Skin              |    17 |    11 ||    28
Dodge: Dodged            |     7 |     8 ||    15
